 Dungeon Crawl Stone Soup version 0.29-a0-997-gf6f7e2dfe7 (webtiles) character file.

Game seed: 11696622599430783028

343 tbh1313 the Cudgeller (level 6, -9/37 HPs)
             Began as a Gargoyle Fighter on Aug 5, 2022.
             Killed by divine providence
             ... invoked by an orc priest
              (17 damage)
             ... on level 5 of the Dungeon.
             The game lasted 00:07:03 (4162 turns).

tbh1313 the Cudgeller (Gargoyle Fighter)            Turns: 4162, Time: 00:07:04

Health: -9/37      AC: 11    Str: 22    XL:     6   Next: 57%
Magic:  6/6        EV:  9    Int:  8    God:
Gold:   268        SH:  9    Dex:  9    Spells: 5/5 levels left

rFire   . . .      SeeInvis .   a - +0 flail
rCold   . . .      Faith    .   c - +0 buckler
rNeg    + . .      Spirit   .   b - +0 scale mail
rPois   ∞          Reflect  +   (no helmet)
rElec   +          Harm     .   (no cloak)
rCorr   .          Rampage  .   (no gloves)
Will    .....                   (no boots)
Stlth   ..........              t - amulet of reflection
HPRegen 0.12/turn               (no ring)
MPRegen 0.10/turn               (no ring)

@: mighty, marked
A: sickness immunity, AC +4, negative energy resistance 1, electricity
resistance, torment resistance 1, petrification resistance
a: no special abilities


You were on level 5 of the Dungeon.
You visited 1 branch of the dungeon, and saw 5 of its levels.

You collected 268 gold pieces.

Inventory:

Hand Weapons
 a - a +0 flail (weapon)
Armour
 b - a +0 scale mail (worn)
 c - a +0 buckler (worn)
 o - an orb of energy
Jewellery
 t - an amulet of reflection (around neck)
 u - the ring of Legumm {rF+ Will- Str+2 Int+3}
   (You found it on level 4 of the Dungeon)

   [ring of protection from fire]

   Str:       It affects your strength (+2).
   Int:       It affects your intelligence (+3).
   rF:        It protects you from fire.
   Will:      It decreases your willpower.
Scrolls
 g - a scroll of enchant weapon {unknown}
 h - 2 scrolls of magic mapping {unknown}
 i - 2 scrolls of summoning {unknown}
 k - 3 scrolls of teleportation {unknown}
 l - 2 scrolls of noise {unknown}
 n - 2 scrolls of vulnerability {unknown}
 p - 2 scrolls of identify {unknown}
 r - a scroll of poison {unknown}
 s - a scroll of immolation {unknown}
Potions
 d - 2 potions of might
 e - a potion of degeneration {unknown}
 f - 2 potions of ambrosia {unknown}
 j - 2 potions of haste {unknown}
 m - 2 potions of heal wounds {unknown}
 q - a potion of lignification {unknown}


   Skills:
 - Level 3.2 Fighting
 + Level 5.8 Maces & Flails
 - Level 3.2 Armour
 - Level 5.0 Shields


You had 5 spell levels left.
You didn't know any spells.
Your spell library contained the following spells:

 Spells                   Type           Power      Damage    Failure   Level
 Magic Dart               Conj           0%         1d3       82%         1
 Call Imp                 Summ           0%         N/A       91%         2
 Ensorcelled Hibernation  Hex/Ice        0%         N/A       91%         2
 Passwall                 Tmut/Erth      0%         N/A       91%         2
 Dazzling Flash           Conj/Hex       0%         N/A       99%         3
 Mephitic Cloud           Conj/Pois/Air  0%         N/A       99%         3
 Ozocubu's Armour         Ice            0%         N/A       99%         3
 Swiftness                Air            0%         N/A       99%         3
 Iskenderun's Mystic Bla  Conj/Tloc      0%         2d3       100%        4
 Metabolic Englaciation   Hex/Ice        0%         N/A       100%        5
 Simulacrum               Ice/Necr       0%         N/A       100%        6
 Starburst                Conj/Fire      0%         6d3       100%        6


Dungeon Overview and Level Annotations

Branches:
Dungeon (5/15)
 Temple: D:4-7

Altars:
Vehumet


Innate Abilities, Weirdness & Mutations

You are immune to sickness and miasma.
Your stone body is resilient. (AC +4)
You are immune to poison.
You resist negative energy. (rN+)
You are resistant to electric shocks. (rElec)
You are resistant to unholy torment.
You are immune to petrification.


Message History

You barely miss the scorpion. The scorpion stings you.
You block the scorpion's attack.
You closely miss the scorpion. The scorpion stings you.
An orc priest comes into view. It is wielding a +0 flail.
You sock the scorpion!
The scorpion is heavily wounded.
You block the scorpion's attack.
You closely miss the scorpion.
The scorpion is heavily wounded.
The scorpion stings you but does no damage.
The orc priest mumbles some strange prayers to Beogh against you.
Beogh smites you!
The scorpion stings you but does no damage.
You are too injured to fight recklessly!
An orc comes into view. It is wielding a +0 whip.
The scorpion attacks as you move away! You block the scorpion's attack.
You sock the scorpion!
The scorpion is almost dead.
The scorpion stings you but does no damage.
The scorpion stings you.
You hit the scorpion but do no damage.
The scorpion is almost dead.
You block the scorpion's attack.
You hit the orc priest.
The orc priest is lightly wounded.
The scorpion stings you but does no damage.
The orc priest hits you but does no damage.
You closely miss the orc priest.
The orc priest is lightly wounded.
The scorpion stings you but does no damage.
The orc priest hits you but does no damage.
The scorpion stings you but does no damage.
The orc priest invokes the aid of Beogh against you.
Beogh smites you!
* * * LOW HITPOINT WARNING * * *
You feel very mighty all of a sudden. You block the scorpion's attack.
The orc priest invokes the aid of Beogh against you.
Beogh smites you!
You die...

# .. . .. #. #.
########### ###.##.
#...##....# .......
#.........# .....#.......
#...#.....#
.....#.......##..#......#
#...# #..#o#..#....#
##...##+####.#.#@.##....#
..........#o..#s..#.....#
#......o....#.o..#.....#
##..........#.#...#.....#
...........#.#....#.....#
##...†....#..##...#.....#
#..†....#...#....#.....#
#...##...#####.#########
##...##...####...###.


You could see a scorpion, an orc priest and an orc.

Levels and vault maps discovered:
D:1:      lemuel_arrival_funnel, layout_loops_ring, minmay_hexomino_f4
D:2:      layout_rooms, basic_altar
D:3:      layout_basic, kennysheep_nub
D:4:      layout_cave_pods
D:5:      layout_gridville, kiku_gazebo_garden_becter,
          minmay_overflow_temple_star_hex, hangedman_abyss_or_decor_slice,
          uniq_grinder

Notes
Turn   | Place    | Note
-------+----------+-------------------------------------------
     0 | D:1      | tbh1313 the Gargoyle Fighter began the quest for the Orb.
     0 | D:1      | Reached XP level 1. HP: 14/14 MP: 1/1
   358 | D:1      | Reached XP level 2. HP: 19/19 MP: 2/2
   729 | D:1      | Reached XP level 3. HP: 22/23 MP: 3/3
   923 | D:2      | Noticed a phantom
   947 | D:2      | Killed a phantom
   948 | D:2      | Reached XP level 4. HP: 9/28 MP: 4/4
  1351 | D:2      | Reached XP level 5. HP: 30/32 MP: 5/5
  1469 | D:2      | Found a radiant altar of Vehumet.
  2981 | D:4      | Reached skill level 5 in Shields
  3280 | D:4      | Reached skill level 5 in Maces & Flails
  3280 | D:4      | Reached XP level 6. HP: 11/37 MP: 6/6
  3567 | D:4      | Identified the ring of Legumm {rF+ Will- Str+2 Int+3}
  3926 | D:5      | Entered Level 5 of the Dungeon
  4162 | D:5      | Killed from afar by an orc priest

Table legend: (Time is in decaauts)
 A = Elapsed time spent in this place.
 B = Non-inter-level travel time spent in this place.
 C = Inter-level travel time spent in this place.
 D = Time resting spent in this place.
 E = Time spent auto-exploring this place.
 F = Levels seen in this place.
 G = Mean time per level.
                   A        B        C        D        E       F      G
               +--------+--------+--------+--------+--------+-----+--------+
         Total |   4232 |   4148 |     84 |    651 |   2861 |   5 |  846.4 |
       Dungeon |   4232 |   4148 |     84 |    651 |   2861 |   5 |  846.4 |
               +--------+--------+--------+--------+--------+-----+--------+

Top non-repeatable levels by time:
     D:4: 1080 daAuts
     D:3: 991 daAuts
     D:2: 977 daAuts
     D:1: 943 daAuts
     D:5: 239 daAuts

Table legend:
 A = Kills in this place as a percentage of kills in entire the game.
 B = Kills by you in this place as a percentage of kills by you in the entire game.
 C = Kills by friends in this place as a percentage of kills by friends in the entire game.
 D = Other kills in this place as a percentage of other kills in the entire game.
 E = Experience gained in this place as a percentage of experience gained in the entire game.
 F = Experience gained in this place divided by the number of levels of this place that you have seen.
                   A       B       C       D       E      F
               +-------+-------+-------+-------+-------+----------------------
         Total | 100.0 | 100.0 |   N/A |   N/A | 100.0 |  98.0
       Dungeon | 100.0 | 100.0 |   N/A |   N/A | 100.0 |  98.0
               +-------+-------+-------+-------+-------+----------------------

Action                   |  1- 3 |  4- 6 || total
-------------------------+-------+-------++-------
Melee: Flail             |    89 |   210 ||   299
  Use: Potion            |     1 |     1 ||     2
Armor: Scale mail        |    49 |   137 ||   186
Dodge: Dodged            |    49 |    99 ||   148
Block: Buckler           |    23 |    77 ||   100
       Reflection        |       |     2 ||     2

Vanquished Creatures
  A phantom (D:2)
  A scorpion (D:5)
  A hound (D:5)
  An orc wizard (D:4)
  7 adders
  A worm (D:3)
  3 dart slugs
  5 orcs
  6 endoplasms
  5 giant cockroaches
  3 goblins (D:1)
  4 hobgoblins
  3 jackals (D:1)
  11 kobolds
  2 quokkas
  9 ball pythons
  5 bats
  5 frilled lizards
  9 rats
82 creatures vanquished.
